[Event "Titled Tuesday Blitz January 17 Early 2023"]
[White "Skurikhin, Dmitrij"]
[Black "Williams, Simon K"]
[WhiteFideId "4161297"]
[BlackFideId "404454"]
[WhiteElo "2297"]
[BlackElo "2465"]
[Result "0-1"]
[Round "01"]
[TimeControl "180+2"]
[Date "2023.01.17"]
[WhiteClock "0:00:06"]
[BlackClock "0:00:13"]

1. d4 e6 2. Nf3 f5 3. g3 Nf6 4. Bg2 Be7 5. O-O O-O 6. c4 d6 7. Nc3 Ne4 8. Qc2 Nxc3 9. Qxc3 a5 10. b3 Nc6 11. Bb2 Bf6 12. Rae1 e5 13. dxe5 dxe5 14. e4 f4 15. gxf4 exf4 16. e5 Be7 17. e6 Rf6 18. Bh3 Qe8 19. Kh1 Qh5 20. Ng1 Rg6 21. Qd3 Nb4 22. Qf5 Qxf5 23. Bxf5 Rg5 24. Bb1 Ra6 25. Nf3 Rh5 26. Rg1 g6 27. Nd4 Rd6 28. Nb5 Rxe6 29. Nxc7 Rxe1 30. Rxe1 Kf7 31. Be4 b6 32. Nd5 Bc5 33. Nxb4 Bxb4 34. Bd5+ Rxd5 0-1


[Site "https://www.chess.com"]

[Event "Titled Tuesday Blitz January 17 Early 2023"]
[White "Leiva, Gianmarco"]
[Black "Abdilkhair, Abilmansur"]
[WhiteFideId "3804399"]
[BlackFideId "13716417"]
[WhiteElo "2392"]
[BlackElo "2268"]
[Result "1-0"]
[Round "01"]
[TimeControl "180+2"]
[Date "2023.01.17"]
[WhiteClock "0:00:04"]
[BlackClock "0:00:33"]

1. e4 e5 2. Nf3 Nc6 3. Bc4 Be7 4. Bf1 Nf6 5. Nc3 O-O 6. Bb5 Nd4 7. Ba4 d5 8. d3 Bg4 9. h3 Nxf3+ 10. gxf3 Bh5 11. Bg5 d4 12. Nb1 Nd7 13. Bxe7 Qxe7 14. Nd2 Nc5 15. Bb5 c6 16. Bc4 b5 17. Bb3 a5 18. a3 Nxb3 19. cxb3 f5 20. Qe2 Rf6 21. Rg1 Raf8 22. Rg5 Bf7 23. O-O-O h6 24. Rg3 a4 25. Rdg1 Bxb3 26. Nxb3 axb3 27. Qd1 fxe4 28. Qxb3+ Kh8 29. fxe4 R8f7 30. Kb1 Rxf2 31. Ka2 Qc5 32. Rg6 Qc2 33. Qb4 Qxd3 34. Rxc6 Qxe4 35. Qd6 Qe2 36. Rc8+ Rf8 37. Rxf8+ Rxf8 38. Qxf8+ Kh7 39. Qxg7# 1-0


[Site "https://www.chess.com"]

[Event "Titled Tuesday Blitz January 17 Early 2023"]
[White "Player, Edmund C"]
[Black "Rangel, Daniel"]
[WhiteFideId "406520"]
[BlackFideId "2124475"]
[WhiteElo "2204"]
[BlackElo "2207"]
[Result "0-1"]
[Round "01"]
[TimeControl "180+2"]
[Date "2023.01.17"]
[WhiteClock "0:00:01"]
[BlackClock "0:00:45"]

1. e4 c5 2. Nf3 g6 3. d4 cxd4 4. Nxd4 Bg7 5. c4 Nc6 6. Be3 Nf6 7. Nc3 O-O 8. f3 Nxd4 9. Bxd4 d6 10. Be2 Bd7 11. O-O Bc6 12. b3 a5 13. Qd2 Nd7 14. Bxg7 Kxg7 15. Kh1 Nc5 16. Rfd1 b6 17. Nd5 Bxd5 18. Qxd5 Qc7 19. Rd2 Rfd8 20. Rad1 e5 21. g3 Ne6 22. Bf1 h5 23. Bg2 h4 24. Rf2 Qe7 25. Kg1 hxg3 26. hxg3 Qg5 27. f4 Qxg3 28. Rd3 Qh4 29. Rh3 Qf6 30. fxe5 Qxe5 31. Qb7 Rf8 32. Rhf3 Ng5 33. Rf6 Rab8 34. Qc7 Qc5 35. Qxc5 dxc5 36. Re6 Nxe6 0-1


[Site "https://www.chess.com"]

[Event "Titled Tuesday Blitz January 17 Early 2023"]
[White "Tarlabasi, Emirhan"]
[Black "Lakshmi C"]
[WhiteFideId "6350275"]
[BlackFideId "25035347"]
[WhiteElo "2300"]
[BlackElo "1928"]
[Result "1-0"]
[Round "01"]
[TimeControl "180+2"]
[Date "2023.01.17"]
[WhiteClock "0:00:26"]
[BlackClock "0:00:04"]

1. d4 Nf6 2. c4 e6 3. Nf3 b6 4. g3 Bb7 5. Bg2 Be7 6. O-O O-O 7. Re1 Ne4 8. Nc3 f5 9. Qc2 Nxc3 10. Qxc3 Bf6 11. b3 d6 12. Bb2 Nd7 13. Qd2 Qe7 14. Rad1 Rad8 15. h4 e5 16. d5 Nc5 17. Qc2 f4 18. b4 Na6 19. a3 fxg3 20. fxg3 Bc8 21. Rf1 g6 22. Bc1 e4 23. Ng5 Be5 24. Nxe4 Bf5 25. Bg5 Qe8 26. Bxd8 Qxd8 27. Qd2 Qd7 28. Qg5 Nb8 29. g4 Bxg4 30. Rxf8+ Kxf8 31. Rf1+ Kg8 32. Qxe5 dxe5 33. Nf6+ Kg7 34. Nxd7 Bxd7 35. Kh2 Bf5 36. Bh3 Kf6 37. e4 1-0


[Site "https://www.chess.com"]

[Event "Titled Tuesday Blitz January 17 Early 2023"]
[White "TacticalSam94"]
[Black "Tasev, Dejan"]
[BlackFideId "936618"]
[WhiteElo "2382"]
[BlackElo "2205"]
[Result "0-1"]
[Round "01"]
[TimeControl "180+2"]
[Date "2023.01.17"]
[WhiteClock "0:00:21"]
[BlackClock "0:00:25"]

1. e4 c6 2. d4 d5 3. exd5 cxd5 4. Bd3 Nc6 5. c3 g6 6. Nf3 Bf5 7. Be2 Bxb1 8. Rxb1 Bg7 9. O-O Nf6 10. Bf4 O-O 11. h3 e6 12. Re1 a6 13. a4 Ne8 14. Bd3 Nd6 15. Qd2 Rc8 16. Bh6 Na5 17. Ne5 Nac4 18. Bxc4 Nxc4 19. Nxc4 Rxc4 20. Bxg7 Kxg7 21. b3 Rc6 22. Re3 Qc7 23. Rbe1 Rc8 24. Rc1 b5 25. axb5 axb5 26. b4 Rc4 27. h4 Rxb4 28. h5 Rc4 29. Rh3 b4 30. hxg6 fxg6 31. Qh6+ Kg8 32. Qe3 Qd6 33. Qh6 Qd7 34. Re1 bxc3 35. Rxe6 c2 36. Rxg6+ Kh8 37. Rg5 c1=Q+ 38. Kh2 Qf4+ 39. Rhg3 R4c6 40. Rg8+ Rxg8 41. Qxf4 Rxg3 42. Qxg3 Qd6 0-1


[Site "https://www.chess.com"]

[Event "Titled Tuesday Blitz January 17 Early 2023"]
[White "Szpar, Milosz"]
[Black "Afanasieva, Alexandra"]
[WhiteFideId "1184989"]
[BlackFideId "34126926"]
[WhiteElo "2447"]
[BlackElo "1857"]
[Result "1-0"]
[Round "01"]
[TimeControl "180+2"]
[Date "2023.01.17"]
[WhiteClock "0:01:46"]
[BlackClock "0:00:34"]

1. e4 c5 2. Nf3 e6 3. c3 d5 4. exd5 Qxd5 5. d4 Nf6 6. Na3 Nc6 7. Be3 cxd4 8. Nb5 Qd7 9. Nbxd4 a6 10. Nxc6 Qxc6 11. Nd4 Qe4 12. Be2 Bc5 13. Bf3 Qe5 14. Nc6 bxc6 15. Bxc6+ Ke7 16. Bxa8 Bxe3 17. fxe3 Qxe3+ 18. Qe2 Qxe2+ 19. Kxe2 Bd7 20. Bf3 Bb5+ 21. Kf2 Rb8 22. b3 Rc8 23. c4 Bc6 24. Rhd1 a5 25. Bxc6 Rxc6 26. Rd4 Nd7 27. Rad1 Nc5 28. Ke3 g6 29. Rd8 Kf6 30. Ra8 a4 31. b4 Nb7 32. c5 1-0


[Site "https://www.chess.com"]

[Event "Titled Tuesday Blitz January 17 Early 2023"]
[White "Onslow, Alfie"]
[Black "Bodnaruk, Anastasia"]
[WhiteFideId "436976"]
[BlackFideId "4181751"]
[WhiteElo "2157"]
[BlackElo "2350"]
[Result "1/2-1/2"]
[Round "01"]
[TimeControl "180+2"]
[Date "2023.01.17"]
[WhiteClock "0:00:05"]
[BlackClock "0:00:07"]

1. e4 c5 2. Nc3 d6 3. d4 cxd4 4. Qxd4 Nc6 5. Qd2 g6 6. b3 Bh6 7. f4 f5 8. Bb2 Nf6 9. Bd3 Qa5 10. Nge2 O-O 11. exf5 Bxf5 12. Bxf5 gxf5 13. O-O-O Rad8 14. Kb1 d5 15. Nd4 Nxd4 16. Qxd4 Bg7 17. Qe5 Ne4 18. Qe6+ Kh8 19. Nxe4 Bxb2 20. Kxb2 dxe4 21. Qxe7 Rc8 22. c4 Qb6 23. Rd7 Qf6+ 24. Qxf6+ Rxf6 25. Rxb7 Rd6 26. Rxa7 Rd2+ 27. Kc3 Rxg2 28. Rd1 Rxh2 29. Rdd7 e3 30. Re7 e2 31. a4 Rd8 32. Kb4 h5 33. Re6 h4 34. Rae7 Rd2 35. Re8+ Kg7 36. R8e7+ Kf8 37. Re8+ Kf7 38. R8e7+ Kf8 39. Rc7 Rd6 40. Re5 Rd1 41. Rce7 Rd2 42. Re8+ Kf7 43. R8e7+ Kf8 44. Re8+ Kf7 45. R8e7+ Kf8 1/2-1/2


[Site "https://www.chess.com"]

[Event "Titled Tuesday Blitz January 17 Early 2023"]
[White "Kodinets, Konstantin L."]
[Black "Zampronha, Wladimir Camilo"]
[WhiteFideId "4122011"]
[BlackFideId "2103087"]
[WhiteElo "2409"]
[BlackElo "2176"]
[Result "1-0"]
[Round "01"]
[TimeControl "180+2"]
[Date "2023.01.17"]
[WhiteClock "0:00:36"]
[BlackClock "0:00:36"]

1. d4 Nf6 2. Nf3 e6 3. Bg5 d5 4. Nbd2 Be7 5. e3 O-O 6. Bd3 Nbd7 7. c3 b6 8. O-O Bb7 9. Qe2 Ne4 10. Bxe7 Qxe7 11. Rfd1 f5 12. Ne5 Nxe5 13. dxe5 c5 14. f4 Kh8 15. Nf3 Rac8 16. a3 Rfd8 17. Rac1 h6 18. h4 Qe8 19. Nh2 Kh7 20. g4 Qe7 21. g5 hxg5 22. Qh5+ Kg8 23. hxg5 Kf8 24. g6 Ke8 25. Nf3 Kd7 26. Bxe4 fxe4 27. Ng5 Kc7 28. Qg4 Re8 29. Kf2 Kb8 30. Rh1 Rcd8 31. Rh7 Bc8 32. Nf7 Rd7 33. Rxg7 Rf8 34. Rh1 Rc7 35. Qh4 Qe8 36. Nd6 Qa4 37. Rxc7 Qc2+ 38. Kg3 Kxc7 39. Qe7+ Bd7 40. Qxf8 Qe2 41. Kh4 Qg2 42. Rh3 Qf2+ 43. Kg4 Qg2+ 44. Rg3 Qe2+ 45. Kg5 Qf2 46. Rg4 Qxe3 47. g7 1-0


[Site "https://www.chess.com"]

[Event "Titled Tuesday Blitz January 17 Early 2023"]
[White "Bashirli, Saadat"]
[Black "Ismagilov, Damir"]
[WhiteFideId "13429990"]
[BlackFideId "34199982"]
[WhiteElo "1571"]
[BlackElo "2156"]
[Result "0-1"]
[Round "01"]
[TimeControl "180+2"]
[Date "2023.01.17"]
[WhiteClock "0:00:04"]
[BlackClock "0:00:16"]

1. e4 d6 2. d4 g6 3. Be2 Bg7 4. h4 Nf6 5. Nc3 e5 6. dxe5 dxe5 7. Qxd8+ Kxd8 8. Bg5 c6 9. O-O-O+ Kc7 10. Nf3 Nbd7 11. Bc4 Ng4 12. Rd2 f6 13. Be6 Nb6 14. Bxg4 Bxg4 15. Be3 Nc4 16. Rd3 Nxe3 17. fxe3 Rad8 18. Rhd1 Bh6 19. Kb1 b5 20. a3 Rxd3 21. Rxd3 Rd8 22. Rxd8 Kxd8 23. Nd1 Kc7 24. Kc1 c5 25. Kd2 b4 26. axb4 cxb4 27. Kd3 a5 28. Nf2 Bc8 29. Nd1 Ba6+ 30. Kd2 Kc6 31. c3 b3 32. Ne1 a4 33. Nd3 Bf8 34. g4 Bd6 35. Nb4+ Bxb4 36. cxb4 Bc4 37. Nc3 h6 38. Nxa4 Be6 39. Nc3 Bxg4 40. b5+ Kc5 41. Nd5 f5 42. Nf6 Bf3 43. exf5 gxf5 44. Kc3 Kxb5 45. Kxb3 Kc5 46. Kc3 Kd6 47. Nh7 Ke7 48. Kd3 Kf7 49. h5 Kg7 50. b4 Kxh7 51. b5 Kg7 52. b6 Kf6 53. Kc4 Kg5 54. b7 Bxb7 55. Kc5 Be4 56. Kd6 Kxh5 57. Kxe5 Kg4 58. Kf6 h5 59. Kg6 h4 0-1


[Site "https://www.chess.com"]

[Event "Titled Tuesday Blitz January 17 Early 2023"]
[White "Kochetov, Andrey"]
[Black "Morales, Yandri"]
[WhiteFideId "24130532"]
[BlackFideId "30959268"]
[WhiteElo "2165"]
[BlackElo "2031"]
[Result "1-0"]
[Round "01"]
[TimeControl "180+2"]
[Date "2023.01.17"]
[WhiteClock "0:00:07"]
[BlackClock "0:00:15"]

1. e4 e5 2. Nf3 Nf6 3. Nxe5 d6 4. Nf3 Nxe4 5. d4 d5 6. Bd3 Bd6 7. O-O O-O 8. h3 h6 9. c4 c6 10. Nc3 Nf6 11. Re1 Re8 12. Be3 Be6 13. c5 Bc7 14. b4 Nbd7 15. b5 Nf8 16. Qa4 cxb5 17. Bxb5 Bd7 18. Rab1 b6 19. Red1 a6 20. Bxd7 N8xd7 21. Qc6 Rc8 22. Qb7 bxc5 23. dxc5 Ne5 24. Nxe5 Bxe5 25. Nxd5 Rb8 26. Nxf6+ Qxf6 27. Qa7 Ra8 28. Qb6 Qf5 29. Qb3 Re6 30. Qd5 Rae8 31. f4 1-0


[Site "https://www.chess.com"]

[Event "Titled Tuesday Blitz January 17 Early 2023"]
[White "Dilmukhametov, Artur"]
[Black "Czernek, Tymon"]
[WhiteFideId "24179922"]
[BlackFideId "1199510"]
[WhiteElo "2276"]
[BlackElo "2314"]
[Result "0-1"]
[Round "01"]
[TimeControl "180+2"]
[Date "2023.01.17"]
[WhiteClock "0:00:15"]
[BlackClock "0:00:12"]

1. d4 d5 2. Nc3 Nf6 3. Bf4 c6 4. e3 e6 5. Bd3 Bd6 6. Qf3 Bxf4 7. Qxf4 Nbd7 8. Nf3 O-O 9. O-O-O b5 10. Ng5 h6 11. Nh3 a5 12. g4 a4 13. g5 hxg5 14. Nxg5 b4 15. Ne2 b3 16. a3 Ba6 17. c3 Bxd3 18. Rxd3 c5 19. h4 Qe7 20. h5 e5 21. Qh4 exd4 22. h6 g6 23. h7+ Kh8 24. Qg3 dxc3 25. Nxc3 Ne5 26. Rd2 Rad8 27. Rhd1 d4 28. exd4 cxd4 29. Rxd4 Rxd4 30. Rxd4 Nc6 31. Rxa4 Qe1+ 32. Nd1 Na5 33. Rf4 Rc8+ 34. Qc3 Rxc3+ 35. bxc3 Qe2 36. Ne3 b2+ 37. Kb1 Qd2 0-1


[Site "https://www.chess.com"]

[Event "Titled Tuesday Blitz January 17 Early 2023"]
[White "Fernandez Garcia, Gumersindo"]
[Black "Samaganova, Aleksandra"]
[WhiteFideId "24516740"]
[BlackFideId "13800221"]
[WhiteElo "2160"]
[BlackElo "1856"]
[Result "1-0"]
[Round "01"]
[TimeControl "180+2"]
[Date "2023.01.17"]
[WhiteClock "0:01:17"]
[BlackClock "0:00:04"]

1. e4 c5 2. c3 Nf6 3. e5 Nd5 4. d4 cxd4 5. Nf3 d6 6. cxd4 Bg4 7. Bb5+ Nc6 8. O-O e6 9. h3 Bh5 10. Qa4 Qb6 11. Nbd2 a6 12. Bxc6+ Qxc6 13. Qxc6+ bxc6 14. exd6 Bxd6 15. Ne4 Be7 16. Ne5 Nb4 17. Be3 Bg6 18. Nxg6 hxg6 19. Rfc1 Rc8 20. Rc4 f5 21. Nc5 Bxc5 22. Rxc5 Nd3 23. Rc2 Kd7 24. Rd1 Nb4 25. Rc4 Nd5 26. b3 f4 27. Bc1 g5 28. Ra4 Ra8 29. Re1 Rhf8 30. Re5 Rf5 31. Rxf5 exf5 32. Kf1 Re8 33. Rxa6 Kd6 34. Ba3+ Kc7 35. Ra7+ Kb8 36. Rxg7 Nc3 37. h4 Re2 38. Bb4 Rc2 39. Bxc3 Rxc3 40. Rxg5 Rc1+ 41. Ke2 Rc2+ 42. Kf3 Rxa2 43. Rxf5 Rb2 44. Rxf4 Rxb3+ 45. Ke4 Kb7 46. h5 1-0


[Site "https://www.chess.com"]

[Event "Titled Tuesday Blitz January 17 Early 2023"]
[White "Vaglio Munoz, Jaime"]
[Black "Malyi, Viacheslav"]
[WhiteFideId "6500145"]
[BlackFideId "14123983"]
[WhiteElo "2174"]
[BlackElo "2391"]
[Result "1-0"]
[Round "01"]
[TimeControl "180+2"]
[Date "2023.01.17"]
[WhiteClock "0:01:03"]
[BlackClock "0:00:20"]

1. d4 Nf6 2. c4 e6 3. a3 d5 4. b4 Be7 5. Bb2 a5 6. b5 O-O 7. e3 c5 8. bxc6 bxc6 9. Nf3 c5 10. dxc5 Bxc5 11. Nbd2 Nc6 12. cxd5 exd5 13. Bb5 Qb6 14. a4 Ba6 15. Bxf6 gxf6 16. Rb1 Nb4 17. Qe2 d4 18. O-O dxe3 19. fxe3 Bxe3+ 20. Kh1 Bxb5 21. axb5 Rfe8 22. Qc4 Rad8 23. Qg4+ Kh8 24. Nc4 Qxb5 25. Nxa5 Qxa5 26. Rxb4 Qd5 27. h3 Qe6 28. Qh4 Rg8 29. Re1 Bg5 30. Qf2 Qd6 31. Rd4 Qc7 32. Nxg5 fxg5 33. Qf6+ Rg7 34. Rxd8+ 1-0


[Site "https://www.chess.com"]

[Event "Titled Tuesday Blitz January 17 Early 2023"]
[White "Hamley, Ryan"]
[Black "Martin, Lewis"]
[WhiteFideId "30959497"]
[BlackFideId "410551"]
[WhiteElo "2092"]
[BlackElo "2135"]
[Result "1-0"]
[Round "01"]
[TimeControl "180+2"]
[Date "2023.01.17"]
[WhiteClock "0:01:30"]
[BlackClock "0:00:33"]

1. e4 c5 2. Nf3 d6 3. Bb5+ Bd7 4. Bxd7+ Nxd7 5. c3 Ngf6 6. Qe2 g6 7. O-O Bg7 8. d4 O-O 9. e5 Ne8 10. e6 Ndf6 11. exf7+ Rxf7 12. Ng5 Rf8 13. Ne6 Qd7 14. Nxf8 Bxf8 15. Nd2 cxd4 16. cxd4 Nc7 17. Nf3 Re8 18. Bg5 Bg7 19. Rfe1 h6 20. Bh4 Nfd5 21. Rac1 Nf4 22. Qe4 g5 23. Bg3 Ncd5 24. h4 Bf6 25. hxg5 hxg5 26. Nh2 Kg7 27. Qf3 Bxd4 28. Rcd1 e5 29. Qg4 Qxg4 30. Nxg4 Rf8 31. Ne3 Nxe3 32. fxe3 Bc5 33. b4 Bb6 34. Rxd6 Nh5 35. Bxe5+ Kh7 36. Rd7+ Kg6 37. Bd4 1-0


[Site "https://www.chess.com"]

[Event "Titled Tuesday Blitz January 17 Early 2023"]
[White "Ciuffoletti, Paolo"]
[Black "UnknownMagician"]
[WhiteFideId "807630"]
[WhiteElo "2106"]
[BlackElo "2637"]
[Result "0-1"]
[Round "01"]
[TimeControl "180+2"]
[Date "2023.01.17"]
[WhiteClock "0:00:14"]
[BlackClock "0:02:01"]

1. e4 c6 2. d4 d5 3. exd5 cxd5 4. c4 Nf6 5. Nc3 Nc6 6. Nf3 Be6 7. c5 Bg4 8. Bb5 e6 9. O-O Qc7 10. h3 Bh5 11. Qd3 Be7 12. Ne5 Nd7 13. Bxc6 bxc6 14. Bf4 Qb7 15. b4 Nxe5 16. Bxe5 f6 17. Bf4 Qxb4 18. Rab1 Qa5 19. Rb7 Bg6 20. Qg3 Kf7 21. Bd6 Rhe8 22. Bxe7 Rxe7 23. Rxe7+ Kxe7 24. Qd6+ Kf7 25. Qd7+ Kf8 26. Qxc6 Re8 27. Ne2 Bd3 28. Qd6+ Kf7 29. Nf4 Bxf1 30. Kxf1 Re7 31. Qd8 Qxd8 0-1


[Site "https://www.chess.com"]

[Event "Titled Tuesday Blitz January 17 Early 2023"]
[White "Djokovic, Nebojsa"]
[Black "Cramling Bellon, Anna"]
[WhiteFideId "938300"]
[BlackFideId "32009232"]
[WhiteElo "2119"]
[BlackElo "2043"]
[Result "1-0"]
[Round "01"]
[TimeControl "180+2"]
[Date "2023.01.17"]
[WhiteClock "0:01:02"]
[BlackClock "0:00:01"]

1. e4 c5 2. Nf3 e6 3. d4 cxd4 4. Nxd4 Nf6 5. Nc3 Nc6 6. Ndb5 d6 7. Bf4 e5 8. Bg5 a6 9. Na3 b5 10. Nd5 Be7 11. Bxf6 Bxf6 12. c4 b4 13. Nc2 a5 14. b3 Bg5 15. g3 Be6 16. h4 Bh6 17. Bg2 O-O 18. O-O f5 19. exf5 Bxf5 20. Nde3 Bxe3 21. fxe3 Bxc2 22. Qxc2 Rc8 23. Rxf8+ Qxf8 24. Rf1 Qe7 25. Bd5+ Kh8 26. Rf7 Qe8 27. Qf5 h6 28. Qg6 Qg8 29. Rc7 Qf8 30. Rxc6 Rxc6 31. Bxc6 Qe7 32. Be4 Kg8 33. Bd5+ Kh8 34. Qf7 Qd8 35. Be4 Qb6 36. Qf8# 1-0


[Site "https://www.chess.com"]

[Event "Titled Tuesday Blitz January 17 Early 2023"]
[White "Kabilov, Amin"]
[Black "Aizpurua, Patrick Emilio"]
[WhiteFideId "14700859"]
[BlackFideId "6600522"]
[WhiteElo "2207"]
[BlackElo "2304"]
[Result "0-1"]
[Round "01"]
[TimeControl "180+2"]
[Date "2023.01.17"]
[WhiteClock "0:00:01"]
[BlackClock "0:01:14"]

1. e4 c5 2. Nf3 e6 3. d4 cxd4 4. Nxd4 Nc6 5. Nc3 Qc7 6. Be2 a6 7. O-O Nf6 8. Bf3 Be7 9. g3 d6 10. Bg2 O-O 11. Re1 Bd7 12. Bg5 Ne5 13. Qe2 Rac8 14. Rad1 Nc4 15. Bc1 b5 16. f4 e5 17. Nf5 Rfe8 18. fxe5 dxe5 19. Nxe7+ Rxe7 20. Nd5 Nxd5 21. exd5 Nd6 22. c3 Ree8 23. Kh1 a5 24. Be3 b4 25. cxb4 axb4 26. Rc1 Qa5 27. b3 Nb5 28. Rxc8 Rxc8 29. Bd2 f6 30. a4 Nd4 31. Qe4 Bf5 32. Qe3 Nc2 33. Qf3 Bg6 34. Rc1 Rd8 35. Qg4 Nd4 36. Be3 Nxb3 37. Rc6 Qxa4 38. Qe6+ Bf7 0-1


[Site "https://www.chess.com"]

[Event "Titled Tuesday Blitz January 17 Early 2023"]
[White "Osmak, Yuliia"]
[Black "De Souza, Cristiano Gomes"]
[WhiteFideId "14101602"]
[BlackFideId "2151758"]
[WhiteElo "2440"]
[BlackElo "2018"]
[Result "0-1"]
[Round "01"]
[TimeControl "180+2"]
[Date "2023.01.17"]
[WhiteClock "0:00:12"]
[BlackClock "0:00:25"]

1. Nf3 Nf6 2. g3 g6 3. Bg2 Bg7 4. O-O O-O 5. c4 d5 6. cxd5 Nxd5 7. e4 Nb6 8. d4 Nc6 9. d5 Ne5 10. Nxe5 Bxe5 11. Nc3 e6 12. Bh6 Bg7 13. Bxg7 Kxg7 14. Qd4+ Kg8 15. Rad1 exd5 16. exd5 Re8 17. Ne4 Nd7 18. Bh3 Ne5 19. Bg2 f5 20. Nc5 a6 21. Rfe1 Nf7 22. Ne6 Bxe6 23. dxe6 Qxd4 24. Rxd4 Nd6 25. Rd2 Re7 26. Rde2 Rae8 27. h4 Kg7 28. Bd5 Kf6 29. a3 c6 30. Ba2 Ne4 31. Kg2 Nc5 32. Rd2 Nxe6 33. Rd6 h6 34. f3 Kf7 35. g4 fxg4 36. fxg4 Kf6 37. g5+ hxg5 38. hxg5+ Kf5 39. Kg3 Nxg5 40. Rf1+ Ke5 41. Rxg6 Ne4+ 42. Kg4 Kd4 43. Rd1+ Ke3 44. Bb1 Nf2+ 0-1


[Site "https://www.chess.com"]

[Event "Titled Tuesday Blitz January 17 Early 2023"]
[White "Garrido, Denis"]
[Black "Korchmar, Vasiliy"]
[WhiteFideId "601217"]
[BlackFideId "24131750"]
[WhiteElo "2205"]
[BlackElo "2438"]
[Result "0-1"]
[Round "01"]
[TimeControl "180+2"]
[Date "2023.01.17"]
[WhiteClock "0:00:13"]
[BlackClock "0:01:21"]

1. e4 c5 2. Nf3 d6 3. d4 cxd4 4. Nxd4 Nf6 5. Nc3 Nc6 6. Bg5 Bd7 7. Nxc6 bxc6 8. Bc4 e6 9. Qe2 Be7 10. Bb3 O-O 11. h4 d5 12. e5 Ne8 13. Bxe7 Qxe7 14. O-O-O c5 15. Bxd5 exd5 16. Nxd5 Qe6 17. f4 Bc6 18. Ne3 Qxa2 19. Nf5 Kh8 20. Rh3 Rb8 21. Kd2 Rxb2 22. Rc1 Bd7 23. Qe4 Bxf5 24. Qxf5 Nc7 25. h5 h6 26. Rg3 Ne6 27. Kd1 Rd8+ 28. Ke1 Qd5 29. Rd3 Qxg2 30. Rxd8+ Nxd8 31. Qd7 Qg1+ 32. Kd2 Qd4+ 33. Qxd4 cxd4 0-1


[Site "https://www.chess.com"]

[Event "Titled Tuesday Blitz January 17 Early 2023"]
[White "Iskusnyh, Sergei"]
[Black "Bommini, Mounika Akshaya"]
[WhiteFideId "4120027"]
[BlackFideId "25019872"]
[WhiteElo "2440"]
[BlackElo "2118"]
[Result "1-0"]
[Round "01"]
[TimeControl "180+2"]
[Date "2023.01.17"]
[WhiteClock "0:01:36"]
[BlackClock "0:00:10"]

1. d4 Nf6 2. c4 c5 3. d5 e6 4. Nc3 exd5 5. cxd5 g6 6. Nf3 d6 7. Nd2 Bg7 8. e4 O-O 9. Be2 a6 10. a4 Re8 11. O-O Nbd7 12. Re1 Rb8 13. a5 Ne5 14. Nf1 b5 15. axb6 Rxb6 16. Ne3 h5 17. h3 Bh6 18. Bf1 Qc7 19. Qc2 Qb8 20. Ra2 Re7 21. Nf5 Bxf5 22. Bxh6 Bd7 23. Bg5 1-0


[Site "https://www.chess.com"]

[Event "Titled Tuesday Blitz January 17 Early 2023"]
[White "Riverol, Jose"]
[Black "Aldokhin, Ivan"]
[WhiteFideId "3000427"]
[BlackFideId "24115720"]
[WhiteElo "2304"]
[BlackElo "2413"]
[Result "1/2-1/2"]
[Round "01"]
[TimeControl "180+2"]
[Date "2023.01.17"]
[WhiteClock "0:00:17"]
[BlackClock "0:00:08"]

1. d4 Nf6 2. c4 g6 3. Nc3 Bg7 4. e4 d6 5. Be2 O-O 6. Nf3 Nc6 7. d5 Nb4 8. O-O Re8 9. a3 Na6 10. Qc2 e6 11. dxe6 Bxe6 12. Rd1 Bg4 13. e5 Bf5 14. Bd3 Bxd3 15. Rxd3 Ng4 16. exd6 cxd6 17. Bg5 Qd7 18. Rad1 Qf5 19. R3d2 Qxc2 20. Rxc2 h6 21. Bf4 Ne5 22. Nxe5 dxe5 23. Be3 f5 24. g3 g5 25. f3 Nc7 26. b4 Ne6 27. Nb5 a6 28. Nd6 Re7 29. Nxf5 Rf7 30. Nxg7 Nxg7 31. Kg2 Raf8 32. Rf2 Nf5 33. Bc5 Rc8 34. Rd5 Rc6 35. Re2 b6 36. Bf2 Rxc4 37. Rexe5 Ne7 38. Rd7 Nc6 39. Rxf7 Kxf7 40. Re2 b5 41. Rd2 Ke7 42. Be3 Rc3 43. Re2 Kf7 44. Bc5 Rxa3 45. Rd2 Rb3 46. Rd6 Nxb4 47. Bxb4 Rxb4 48. Rxa6 Kg7 49. Kh3 h5 50. Rb6 g4+ 51. fxg4 hxg4+ 52. Kh4 Kf7 53. h3 gxh3+ 54. Kxh3 Kg7 55. g4 Kf7 56. Kh4 Kg7 57. Kh5 Rb1 58. g5 Rh1+ 59. Kg4 Rg1+ 60. Kf5 Rf1+ 61. Ke5 Re1+ 62. Kd5 Rg1 63. Rxb5 Rxg5+ 64. Kc4 Rxb5 65. Kxb5 1/2-1/2


[Site "https://www.chess.com"]

[Event "Titled Tuesday Blitz January 17 Early 2023"]
[White "Yelisieiev, Yevhenii"]
[Black "Benmesbah, Natacha"]
[WhiteFideId "14139642"]
[BlackFideId "642002"]
[WhiteElo "2418"]
[BlackElo "2261"]
[Result "0-1"]
[Round "01"]
[TimeControl "180+2"]
[Date "2023.01.17"]
[WhiteClock "0:00:01"]
[BlackClock "0:00:27"]

1. d4 d6 2. Nf3 Nf6 3. g3 g6 4. Bg2 Bg7 5. O-O O-O 6. b3 c6 7. Bb2 d5 8. c4 Bf5 9. Nc3 Ne4 10. Nh4 Nxc3 11. Bxc3 Be6 12. e4 dxc4 13. bxc4 Bxc4 14. Re1 Nd7 15. a4 c5 16. e5 cxd4 17. Qxd4 Ba6 18. Rab1 Nb6 19. a5 Qxd4 20. Bxd4 Nc4 21. Bxb7 Bxb7 22. Rxb7 Nxa5 23. Rxe7 Nc6 24. Rd7 Nxd4 25. Rxd4 Rfd8 26. Ra4 Re8 27. f4 Bf8 28. Rc1 Rec8 29. Re1 Rc2 30. f5 Bc5+ 31. Kh1 gxf5 32. Nxf5 Rd8 33. Rh4 a5 34. Rf1 Rf2 35. Rg4+ Kf8 36. Rxf2 Bxf2 37. Ra4 Be1 38. Kg2 Rd5 39. Re4 Bc3 40. Nd6 Bxe5 41. Nc4 Bc3 42. Re3 Bb4 43. Kf3 a4 44. Nb6 Rf5+ 45. Kg4 Rb5 46. Nd7+ Kg7 47. Re2 a3 48. Ra2 Bd6 49. h4 Rb2 50. Ra1 a2 51. Nc5 Bxc5 0-1


[Site "https://www.chess.com"]

[Event "Titled Tuesday Blitz January 17 Early 2023"]
[White "Cueto, Jonny"]
[Black "Odegov, Artem"]
[WhiteFideId "3300145"]
[BlackFideId "34183644"]
[WhiteElo "2122"]
[BlackElo "2261"]
[Result "0-1"]
[Round "01"]
[TimeControl "180+2"]
[Date "2023.01.17"]
[WhiteClock "0:00:02"]
[BlackClock "0:00:11"]

1. d4 Nf6 2. Bf4 g6 3. Nc3 Bg7 4. e4 d6 5. Qd2 O-O 6. O-O-O Re8 7. Bh6 Bh8 8. h4 Nbd7 9. h5 e5 10. hxg6 hxg6 11. d5 Nf8 12. Bg5 N8h7 13. Nf3 Bg4 14. Be2 Qd7 15. Bxf6 Bxf6 16. Qh6 Nf8 17. Ng5 Bg7 18. Qh4 Bxe2 19. Nxe2 f6 20. Nh7 Nxh7 21. Qxh7+ Kf7 22. Qh3 Qxh3 23. Rxh3 Rh8 24. Rdh1 f5 25. f3 c6 26. Rxh8 Bxh8 27. c4 c5 28. Kc2 a6 29. b3 Bf6 30. Nc1 b5 31. Rh7+ Bg7 32. Rh1 Kf6 33. Ne2 Kg5 34. Kd2 Rb8 35. Kc3 Kf6 36. Ng3 Kg5 37. Rh7 Rb7 38. Ne2 Ra7 39. Nc1 Kf4 40. Kd2 Kg3 41. exf5 gxf5 42. Rh5 Rf7 43. Rg5+ Kh4 44. Rg6 Bf6 45. Ne2 Kh5 46. Rg8 Bg5+ 47. Ke1 bxc4 48. bxc4 Rb7 49. Ra8 Be3 0-1


[Site "https://www.chess.com"]